 Dungeon Sprint DCSS version 0.18-a0-1551-g40744a8 (webtiles) character file.

1488 pipel the Thaumaturge (level 8, -3/54 HPs)
             Began as a Demonspawn Fire Elementalist on Mar 11, 2016.
             Was the Champion of Vehumet.
             Slain by a shadow wraith (18 damage)
             ... in the Dungeon (Sprint VII: "The Pits").
             The game lasted 00:10:18 (1286 turns).

pipel the Thaumaturge (DsFE)                        Turns: 1286, Time: 00:10:18

Health: -3/54      AC:  2    Str:  9    XL:     8   Next: 51%
Magic:  17/24      EV: 15    Int: 21    God:    Vehumet [******]
Gold:   0          SH:  0    Dex: 14    Spells: 7 memorised, 10 levels left

rFire  + . .     SeeInvis .     a - +2 trident (pierce)
rCold  . . .     Gourm    .     j - +0 robe
rNeg   + . .     Faith    .     (no shield)
rPois  .         Spirit   .     (helmet restricted)
rElec  .         Dismiss  .     (no cloak)
rCorr  .         Reflect  .     (no gloves)
SustAt .         Harm     .     (no boots)
MR     .....     NoTele   +     (no amulet)
Stlth  ++........               y - +3 ring of intelligence
                                x - +3 ring of evasion

@: slowed, very slow, not resistant to hostile enchantments, unstealthy
A: horns 1, fire resistance 1, negative energy resistance 1, spiny 2
a: Renounce Religion


You were in the Dungeon.
You worshipped Vehumet.
Vehumet was exalted by your worship.
You were not hungry.

You visited 1 branch

Inventory:

Hand Weapons
 a - a +2 trident of piercing (weapon)
 k - a +2 quarterstaff
 v - a +2 trident
 w - a +2 quarterstaff of protection
 C - the +2 morningstar of the Goat {crush, Int+4 Stlth+}
   (You found it in the Dungeon)

   It inflicts extra damage upon your enemies.
   It affects your intelligence (+4).
   It makes you more stealthy.
 D - the +1 broad axe of the Morning {chop, rPois rF+ rN+}
   (You found it in the Dungeon)

   It inflicts extra damage upon your enemies.
   It protects you from fire.
   It protects you from poison.
   It protects you from negative energy.
Missiles
 o - 9 stones (quivered)
Armour
 j - a +0 robe (worn)
 E - a +5 ring mail of cold resistance
Magical Staves
 b - an uncursed staff of energy
Jewellery
 x - a +3 ring of evasion (left hand)
 y - a +3 ring of intelligence (right hand)
Scrolls
 q - 3 scrolls of remove curse
 r - 5 scrolls of amnesia
 s - a scroll of summoning
 t - 2 scrolls of vulnerability
Potions
 d - 7 potions of curing
 e - 5 potions of heal wounds
 f - a potion of haste
 g - 4 potions of magic
 h - 5 potions of berserk rage
 n - a potion of invisibility
 z - a potion of cure mutation
 A - a potion of might
 B - a potion of agility
Books
 p - a book of Flames

   Spells                             Type                      Level
   a - Flame Tongue                   Conjuration/Fire             1
   b - Throw Flame                    Conjuration/Fire             2
   c - Conjure Flame                  Conjuration/Fire             3
   d - Inner Flame                    Hexes/Fire                   3
   e - Sticky Flame                   Conjuration/Fire             4
   f - Fireball                       Conjuration/Fire             5
Comestibles
 c - 7 bread rations
 l - 40 fruits
 m - 7 meat rations


   Skills:
 + Level 1.5 Fighting
 + Level 2.3 Polearms
 - Level 1.7 Dodging
 - Level 1.7 Stealth
 * Level 12.1 Spellcasting
 + Level 6.6 Conjurations
 - Level 1.5 Hexes
 + Level 10.5 Fire Magic
 + Level 2.4 Evocations


You had 10 spell levels left.
You knew the following spells:

 Your Spells              Type           Power        Failure   Level  Hunger
a - Flame Tongue          Conj/Fire      #####        1%          1    None
b - Freeze                Ice            ##..         1%          1    None
c - Fireball              Conj/Fire      #####.....   1%          5    ####...
d - Conjure Flame         Conj/Fire      #####...     1%          3    None
e - Sticky Flame          Conj/Fire      #####...     1%          4    None
f - Inner Flame           Hex/Fire       #####...     1%          3    None
g - Fulminant Prism       Conj/Hex       ####......   3%          4    None


Dungeon Overview and Level Annotations

Branches:
Dungeon (1/1)

Altars:
Ashenzari
Cheibriados
Dithmenos
Elyvilon
Fedhas
Gozag
Kikubaaqudgha
Makhleb
Nemelex Xobeh
Okawaru
Pakellas
Qazlal
Ru
Sif Muna
Trog
Vehumet
Xom
Yredelemnul
Zin
The Shining One
Beogh
Jiyva
Lugonu


Innate Abilities, Weirdness & Mutations

You have a pair of small horns on your head.
Your flesh is heat resistant.
You resist negative energy.
You are mostly covered in sharp spines.


Message History

Aiming: Sticky Flame
Press: ? - help, Shift-Dir - straight line The sticky flame hits something.
Something hits you! Something hits you!!
* * * LOW HITPOINT WARNING * * *
Something drains your vigour!
You feel as though you will be slow longer.
You take 35 damage, and have 2/54 hp.
MASSIVE DAMAGE!!
You now have 16/24 mp.
Read which item? (? for menu, Esc to quit)
Okay, then.
Drink which item? (? for menu, Esc to quit)
You feel much better. Something hits you!
* * * LOW HITPOINT WARNING * * *
You regained 5 hp, and now have 7/54 hp.
Drink which item? (? for menu, Esc to quit)
You feel much better. Something hits you!
* * * LOW HITPOINT WARNING * * *
Something drains your vigour!
You feel as though you will be slow longer.
Something hits you!!
You die...

#_#)).#.#..##......#..#...
#######'#####.............
#.........))+.............
#'#####+#####......#..#...
#.#[..#.#[[##.............
#.#...#.#))#####'#####++##
#.#...+.#).##.......##++#
#.##+####).##.......##..#
#.#.....#@.##.......##..#
#.#.....#{###...<...##).#
#.#........##.......##s.#
#.#........##.......##..##
#)###########.......##.§.#
#.......#..###########...h
#..#.#..#÷############...#
#.##.##.#.#)...#..[.##..##
#.......#'#)...#..[[##..#


There were no monsters in sight!

Vanquished Creatures
  A flayed ghost (D)
  A guardian mummy (D)
  A tarantella (D)
  An orc warrior (D)
  A wolf (D)
  A centaur (D)
  3 killer bees (D)
  A crimson imp (D)
  A jelly (D)
  2 orc priests (D)
  Terence (D)
  A mummy (D)
  A gnoll (D)
  A giant eyeball (D)
  2 giant geckos (D)
  6 orcs (D)
  2 ball pythons (D)
  A goblin (D)
  A hobgoblin (D)
  3 jackals (D)
  A bat (D)
  A giant cockroach zombie (D)
  A quokka skeleton (D)
  A rat (D)
36 creatures vanquished.

Vanquished Creatures (others)
  A fulminant prism (D)
1 creature vanquished.

Grand Total: 37 creatures vanquished

Notes
Turn   | Place    | Note
--------------------------------------------------------------
     0 | D        | pipel the Demonspawn Fire Elementalist began the quest for the Orb.
     0 | D        | Reached XP level 1. HP: 13/13 MP: 3/3
    26 | D        | Found a sacrificial altar of Ru.
    26 | D        | Found a basalt altar of Yredelemnul.
    26 | D        | Found a glowing golden altar of the Shining One.
    26 | D        | Found a deep blue altar of Sif Muna.
    26 | D        | Found a burning altar of Makhleb.
    26 | D        | Found an ancient bone altar of Kikubaaqudgha.
    26 | D        | Found a glowing silver altar of Zin.
    27 | D        | Found a shadowy altar of Dithmenos.
    27 | D        | Found a bloodstained altar of Trog.
    27 | D        | Found a shattered altar of Ashenzari.
    27 | D        | Found a white marble altar of Elyvilon.
    27 | D        | Found a snail-covered altar of Cheibriados.
    27 | D        | Found a blossoming altar of Fedhas.
    27 | D        | Found a radiant altar of Vehumet.
    27 | D        | Found a shimmering altar of Xom.
    27 | D        | Found a sparkling altar of Nemelex Xobeh.
    27 | D        | Found a corrupted altar of Lugonu.
    27 | D        | Found a viscous altar of Jiyva.
    27 | D        | Found a roughly hewn altar of Beogh.
    27 | D        | Found an iron altar of Okawaru.
    28 | D        | Found an oddly glowing altar of Pakellas.
    32 | D        | Found a stormy altar of Qazlal.
    32 | D        | Found an opulent altar of Gozag.
    34 | D        | Became a worshipper of Vehumet
    63 | D        | Gained mutation: You are partially covered in sharp spines. [demonic ancestry]
    63 | D        | Reached XP level 2. HP: 19/19 MP: 1/5
    79 | D        | Reached * piety under Vehumet
    79 | D        | Offered knowledge of Freeze by Vehumet.
    82 | D        | Learned a level 1 spell: Freeze
   112 | D        | Reached skill level 3 in Spellcasting
   113 | D        | Reached ** piety under Vehumet
   113 | D        | Offered knowledge of Throw Frost by Vehumet.
   113 | D        | Reached skill level 5 in Fire Magic
   219 | D        | Noticed Terence
   221 | D        | Noticed a crimson imp
   221 | D        | Noticed a centaur
   226 | D        | Killed a centaur
   226 | D        | Reached skill level 5 in Spellcasting
   226 | D        | Gained mutation: You are mostly covered in sharp spines. [demonic ancestry]
   226 | D        | Reached XP level 3. HP: 16/24 MP: 4/9
   226 | D        | Gained mutation: You have a pair of small horns on your head. [demonic ancestry]
   226 | D        | Reached XP level 4. HP: 20/30 MP: 4/11
   230 | D        | Reached *** piety under Vehumet
   233 | D        | Killed Terence
   241 | D        | Reached skill level 6 in Spellcasting
   241 | D        | Reached skill level 1 in Evocations
   241 | D        | Gained mutation: Your flesh is heat resistant. [demonic ancestry]
   241 | D        | Reached XP level 5. HP: 25/35 MP: 6/13
   249 | D        | Reached **** piety under Vehumet
   262 | D        | Learned a level 5 spell: Fireball
   266 | D        | Learned a level 3 spell: Conjure Flame
   271 | D        | Learned a level 4 spell: Sticky Flame
   275 | D        | Learned a level 3 spell: Inner Flame
   440 | D        | Noticed a wolf
   443 | D        | Killed a wolf
   443 | D        | Offered knowledge of Static Discharge by Vehumet.
   443 | D        | Reached skill level 1 in Polearms
   443 | D        | Reached skill level 7 in Spellcasting
   539 | D        | Gained mutation: You resist negative energy. [demonic ancestry]
   539 | D        | Reached XP level 6. HP: 41/41 MP: 11/16
   540 | D        | Reached ***** piety under Vehumet
   540 | D        | Reached skill level 8 in Spellcasting
   607 | D        | Noticed an orc warrior
   607 | D        | Noticed a guardian mummy
   608 | D        | Offered knowledge of Fulminant Prism by Vehumet.
   625 | D        | Killed a guardian mummy
   625 | D        | Killed an orc warrior
   625 | D        | Reached skill level 9 in Spellcasting
   625 | D        | Reached skill level 10 in Spellcasting
   625 | D        | Reached skill level 5 in Conjurations
   625 | D        | Reached skill level 1 in Hexes
   625 | D        | Reached XP level 7. HP: 34/46 MP: 3/20
   693 | D        | Got the +2 morningstar of the Goat {crush, Int+4 Stlth+}
   695 | D        | Got the +1 broad axe of the Morning {chop, rPois rF+ rN+}
   755 | D        | Noticed a tarantella
   756 | D        | Reached ****** piety under Vehumet
   758 | D        | Killed a tarantella
   758 | D        | Reached skill level 11 in Spellcasting
   760 | D        | Reached skill level 10 in Fire Magic
   973 | D        | Learned a level 4 spell: Fulminant Prism
   979 | D        | Noticed a demonic crawler
   979 | D        | Noticed a polar bear
   979 | D        | Noticed a flayed ghost
   987 | D        | HP: 2/47 [demonic crawler (8)]
  1065 | D        | Killed a flayed ghost
  1065 | D        | Offered knowledge of Venom Bolt by Vehumet.
  1065 | D        | Reached skill level 1 in Fighting
  1065 | D        | Reached skill level 12 in Spellcasting
  1065 | D        | Reached XP level 8. HP: 12/54 MP: 5/24
  1284 | D        | HP: 2/54 [something (23)]
  1286 | D        | Slain by a shadow wraith

Vault maps used:
D:        pitsprint

Skill      XL: |  1  2  3  4  5  6  7 |
---------------+----------------------+-----
Fire Magic     | 4 6 7 8 9 10 | 10.5
Spellcasting   | 5 6 7 10 12 | 12.1
Conjurations   | 2 3 5 6 |  6.6
Evocations     | 1 2 |  2.4
Polearms       | 1 2 |  2.3
Hexes          | 1 |  1.5
Fighting       | 1 |  1.5
Dodging        | |  1.7
Stealth        | |  1.7

Action                   |  1- 3 |  4- 6 |  7- 9 || total
-------------------------+-------+-------+-------++-------
Melee: Trident           |     4 |    21 |     3 ||    28
Throw: Stone             |     3 |       |       ||     3
 Cast: Flame Tongue      |    11 |    10 |     1 ||    22
       Inner Flame       |       |     4 |     2 ||     6
       Sticky Flame      |       |     2 |     4 ||     6
       Conjure Flame     |       |     2 |     2 ||     4
       Fireball          |       |     1 |     7 ||     8
       Fulminant Prism   |       |       |     1 ||     1
Evoke: Staff of energy   |     2 |     1 |     6 ||     9
  Use: Potion            |     1 |       |     4 ||     5
       Scroll            |       |       |     1 ||     1
 Stab: Sleeping          |     2 |       |       ||     2
       Invisible         |       |     2 |       ||     2
  Eat: Bread ration      |       |       |     1 ||     1
       Chunk             |       |       |     1 ||     1
